 Dungeon Crawl Stone Soup version 0.21-a0-331-gfb491b4 (webtiles) character file.

80406 4thArraOfDagon the Thaumaturge (level 15, -8/118 HPs)
             Began as a Gnoll Wanderer on Oct 2, 2017.
             Was a Follower of Ru.
             Mangled by an earth elemental (22 damage)
             ... summoned by a deep elf elementalist
             ... on level 3 of the Elven Halls.
             The game lasted 01:19:12 (13337 turns).

4thArraOfDagon the Thaumaturge (Gnoll Wanderer)    Turns: 13337, Time: 01:19:12

Health: -8/118     AC: 13    Str: 18    XL:     15   Next: 66%
Magic:  21/30      EV: 19    Int: 23    God:    Ru [*.....]
Gold:   1475       SH: 16    Dex: 16    Spells: 18/36 levels left

rFire    . . .     SeeInvis .   T - +4 demon blade (elec)
rCold    . . .     Gourm    .   Z - +2 buckler of Dithmenos's Reproof {rElec Str+2}
rNeg     + . .     Faith    .   k - +1 leather armour of Going Fast {*Corrode rPois Regen+ Dex+3}
rPois    +         Spirit   .   C - +0 hat {Int+3}
rElec    +         Reflect  +   j - +2 cloak of Fefuarha {rPois Regen+ rCorr Int-3}
rCorr    +         Harm     .   m - +0 pair of gloves
MR       ++...                  N - +2 pair of boots
Stlth    +++++.....             J - +3 amulet of reflection
HPRegen  1.09/turn              t - ring of the Shrike {MR+ Int+2}
MPRegen  0.22/turn              X - ring of positive energy

@: no status effects
A: distributed training, fangs 1, large bone plates 1, hated by all, strong nose
a: Renounce Religion


You were on level 3 of the Elven Halls.
You worshipped Ru.
Ru was aware of your devotion.
You were not hungry.

You visited 4 branches of the dungeon, and saw 26 of its levels.
You also visited: Labyrinth, Bailey and Volcano.

You collected 2583 gold pieces.
You spent 1108 gold pieces at shops.

Inventory:

Hand Weapons
 a - the +9 staff of Wucad Mu {channel}
   (You found it in a labyrinth)
 M - a +1 scimitar of flaming
 T - a +4 demon blade of electrocution (weapon)
Missiles
 b - 2 throwing nets (quivered)
 R - 8 tomahawks of returning
Armour
 j - the +2 cloak of Fefuarha (worn) {rPois Regen+ rCorr Int-3}
   (You bought it in a shop on level 2 of the Orcish Mines)

   It affects your intelligence (-3).
   It protects you from poison.
   It increases your rate of regeneration.
   It protects you from acid and corrosion.
 k - the +1 leather armour of Going Fast (worn) {*Corrode rPois Regen+ Dex+3}
   (You bought it in a shop on level 2 of the Orcish Mines)

   It affects your dexterity (+3).
   It protects you from poison.
   It increases your rate of regeneration.
   It may corrode you when you take damage.
 m - a +0 pair of gloves (worn)
 n - a scarf of resistance
 o - a +0 plate armour
 y - a +0 helmet
 C - a +0 hat of intelligence (worn)
 N - a +2 pair of boots (worn)
 Z - the +2 buckler of Dithmenos's Reproof (worn) {rElec Str+2}
   (You acquired it on level 11 of the Dungeon)

   It affects your strength (+2).
   It insulates you from electricity.
Magical Staves
 c - an uncursed staff of cold {unknown}
 e - an uncursed staff of death {unknown}
 s - an uncursed staff of wizardry {unknown}
Jewellery
 h - an uncursed ring of see invisible
 t - the ring of the Shrike (left hand) {MR+ Int+2}
   (You found it in a labyrinth)

   [ring of protection from magic]

   It affects your intelligence (+2).
   It affects your resistance to hostile enchantments.
 w - an uncursed ring of resist corrosion
 z - an uncursed ring of protection from cold
 J - a +3 amulet of reflection (around neck)
 U - a +2 ring of strength
 X - a ring of positive energy (right hand)
 Y - an uncursed ring of ice
Wands
 x - a wand of digging (9/24)
 A - a wand of paralysis (0/24)
 F - a wand of iceblast (6/15)
 K - a wand of digging (8/24)
 W - a wand of acid (10/15)
Scrolls
 i - 2 scrolls of fear
 l - 4 scrolls of remove curse
 q - a scroll of vulnerability
 u - a scroll of recharging
 v - 2 scrolls of teleportation
 H - 2 scrolls of blinking
 L - 2 scrolls of fog
 S - a scroll of immolation
Potions
 g - 2 potions of resistance {unknown}
 r - 2 potions of cancellation {unknown}
 B - 3 potions of heal wounds
 D - 4 potions of haste {unknown}
 E - 5 potions of might {unknown}
 G - a potion of mutation {unknown}
 I - a potion of agility
 O - a potion of lignification
 P - a potion of ambrosia
 Q - a potion of curing
 V - 3 potions of flight
Miscellaneous
 d - a lamp of fire (inert)
Comestibles
 f - 7 bread rations
 p - 3 meat rations


   Skills:
 + Level 11.0 Fighting
 + Level 10.0 Short Blades
 + Level 10.0 Long Blades
 + Level 10.0 Axes
 + Level 10.0 Maces & Flails
 + Level 10.0 Polearms
 + Level 10.0 Staves
 + Level 10.0 Slings
 + Level 10.0 Bows
 + Level 10.0 Crossbows
 + Level 10.4 Throwing
 + Level 10.0 Armour
 + Level 10.4 Dodging
 + Level 10.8 Stealth
   Level 0.0 Stabbing
 + Level 10.0 Shields
   Level 0.0 Traps
 + Level 10.0 Unarmed Combat
 + Level 11.1 Spellcasting
 + Level 10.0 Conjurations
 + Level 10.0 Hexes
 + Level 10.0 Charms
 + Level 10.0 Summonings
 + Level 10.4 Necromancy
 + Level 10.0 Translocations
 + Level 10.0 Transmutations
 + Level 10.0 Fire Magic
 + Level 10.0 Ice Magic
 + Level 10.0 Air Magic
 + Level 10.0 Earth Magic
 + Level 10.0 Poison Magic
 + Level 10.0 Invocations
 + Level 10.4 Evocations


You had 18 spell levels left.
You knew the following spells:

 Your Spells              Type           Power        Failure   Level  Hunger
a - Sting                 Conj/Pois      ####         1%          1    None
b - Ignite Poison         Fire/Tmut/Pois ######..     1%          3    None
c - Tukima's Dance        Hex            ######..     1%          3    None
d - Lee's Rapid Deconstr  Erth           ######....   2%          5    ####...
e - Passwall              Tmut/Erth      ######....   1%          2    None
f - Sticky Flame          Conj/Fire      ######..     1%          4    None


Dungeon Overview and Level Annotations

Branches:
Dungeon (15/15)              Lair (6/6) D:10         Shoals (0/4) Lair:4
 Spider (0/4) Lair:2        Slime (0/5) Lair:6          Orc (2/2) D:12
    Elf (3/3) Orc:2
 Temple: D:4-7       Vaults: D:13-14     Depths: D:15

Altars:
Ru
Trog
Yredelemnul
Beogh

Shops:
D:5 *   D:8 ?   Orc:2 [%*:   Elf:1 %

Portals:
Trove: D:14 (give 15 potions of curing)

Annotations:
D:8 Gastronok; sergedm's ghost, novice DECj
Lair:6 Nessos
Elf:3 Asterion


Innate Abilities, Weirdness & Mutations

Your experience applies equally to all skills.
You have very sharp teeth.
You are hated by all.
Your uncanny sense of smell can sniff out nearby items.
You are partially covered in large bone plates. (SH +4)


Message History

The deep elf elementalist burns!
The deep elf elementalist hits you with a rapier.
* * * LOW HITPOINT WARNING * * *
You block the earth elemental's attack. x2
Unknown command.
Unknown command.
Unknown command.
Unknown command.
Unknown command.
You closely miss the deep elf elementalist.
Your bite misses the deep elf elementalist.
The deep elf elementalist is almost dead.
The deep elf elementalist hits you with a rapier.
* * * LOW HITPOINT WARNING * * *
You block the earth elemental's attack. x2
The earth elemental barely misses you.
You riposte.
You hit the earth elemental but do no damage.
The earth elemental is stunned by your will and fails to attack.
The earth elemental hits you!!
You die...

################# #
######......#........## ##
##....'................#######.
#.....#......EEE........'...#..
#.###.#......e@EE.......'...'..
#.# #.##.....EEE........##..#..
#.# #.####''.....#########..###
#.# #.####..###### #..#
#.###........## ....
#......###....# #...###
##.##.## #.##.# #..## #
#.##.####'##.# #++# #
#.##.#.....#.# #


You could see a deep elf elementalist (burning) and 8 earth elementals.

Vanquished Creatures
  A deep elf blademaster (Elf:3)
  A deep elf sorcerer (Elf:1)
  A deep elf elementalist (Elf:3)
  A stone giant (Orc:2)
  2 deep elf annihilators (Elf:3)
  A fire dragon (Volcano)
  A minotaur (Lab)
  The ghost of tidbits the Infuser, a journeyman GnSk of Cheibriados (Orc:2)
  Josephine (Lair:4)
  3 deep elf death magi
  A hydra (Lair:2)
  Erica (Orc:1)
  An anaconda (Lair:6)
  8 two-headed ogres
  2 centaur warriors
  A dancing weapon (Elf:3)
  6 death yaks
  3 orc high priests (Orc:2)
  6 deep elf knights
  5 unseen horrors
  4 deep elf archers
  6 orc knights
  21 deep elf magi
  7 orc sorcerers
  3 salamanders (Volcano)
  A manticore (Lair:4)
  4 elephants (Lair:6)
  2 cyclopes
  2 black mambas
  A torpor snail (Lair:3)
  4 komodo dragons
  5 spiny frogs
  2 rime drakes
  A polar bear (Lair:2)
  6 trolls
  A wind drake (D:13)
  A merfolk (D:14)
  A harpy skeleton (D:13)
  8 blink frogs
  4 dream sheep (Lair:5)
  13 hippogriffs
  3 air elementals
  A redback (Lair:2)
  2 shadows (D:14)
  8 wyverns
  3 water elementals (Elf:2)
  A vampire (D:10)
  5 wraiths
  3 fire elementals
  A hog (D:13)
  4 basilisks
  6 fire bats (Volcano)
  A yak (shapeshifter) (D:13)
  19 yaks
  3 hungry ghosts
  3 steam dragons
  A naga (D:8)
  A warg (Orc:1)
  8 water moccasins
  A soldier ant (D:13)
  6 porcupines
  16 orc warriors
  4 ice beasts
  2 sky beasts (D:9)
  3 ogres
  A phantom (D:6)
  A boggart (D:8)
  8 centaurs (D:12)
  11 crocodiles
  A big kobold (D:14)
  12 bullfrogs
  A gnoll sergeant (D:6)
  2 earth elementals
  A scorpion (D:5)
  3 killer bees (D:10)
  9 wights
  A howler monkey (D:3)
  5 crimson imps
  2 quasits
  3 centaur zombies
  4 hounds
  9 orc priests
  5 jellies
  2 centaur skeletons
  11 orc wizards
  3 bullfrog skeletons
  5 iguanas
  2 hell rats (Lair:4)
  7 worker ants
  A killer bee zombie (D:10)
  2 howler monkey zombies
  2 worker ant zombies
  8 adders
  11 gnolls
  3 river rats (Lair:4)
  7 shadow imps
  A worm (D:2)
  A dart slug (D:1)
  4 leopard geckos
  48 orcs
  3 bats
  3 giant cockroaches
  7 hobgoblins
  7 jackals
  22 kobolds
  2 quokkas
  A frilled lizard (D:1)
  A giant cockroach zombie (D:6)
  7 goblins
  8 rats
  6 plants
513 creatures vanquished.

Vanquished Creatures (others)
  The ghost of kal9871 the Polluter, a journeyman SpVM of Sif Muna (Volcano)
  A deep elf archer (Elf:1)
  A deep elf mage (Elf:3)
  A wyvern (Volcano)
  2 bushes (Lair:6)
  44 fungi
  61 plants
111 creatures vanquished.

Grand Total: 624 creatures vanquished

Notes
Turn   | Place    | Note
-------+----------+-------------------------------------------
     0 | D:1      | 4thArraOfDagon the Gnoll Wanderer began the quest for the Orb.
     0 | D:1      | 4thArraOfDagon set off with: a +0 leather armour, 3 throwing nets, a +0 spear, the Handbook of Poison, a +0 dagger, a bread ration
     0 | D:1      | Reached XP level 1. HP: 20/20 MP: 6/6
     0 | D:1      | Identified the Handbook of Poison
    46 | D:1      | Learned a level 1 spell: Sting
   107 | D:1      | Reached XP level 2. HP: 25/26 MP: 5/7
   324 | D:3      | Reached XP level 3. HP: 25/31 MP: 6/9
   337 | D:3      | Found a sacrificial altar of Ru.
   347 | D:3      | Reached skill level 5 in Spellcasting
   355 | D:3      | Became a worshipper of Ru the Awakened
   435 | D:3      | Reached skill level 1 in Short Blades
   435 | D:3      | Reached skill level 1 in Long Blades
   435 | D:3      | Reached skill level 1 in Axes
   435 | D:3      | Reached skill level 1 in Maces & Flails
   435 | D:3      | Reached skill level 1 in Polearms
   435 | D:3      | Reached skill level 1 in Staves
   435 | D:3      | Reached skill level 1 in Slings
   435 | D:3      | Reached skill level 1 in Bows
   435 | D:3      | Reached skill level 1 in Crossbows
   435 | D:3      | Reached skill level 1 in Armour
   435 | D:3      | Reached skill level 1 in Shields
   435 | D:3      | Reached skill level 1 in Unarmed Combat
   435 | D:3      | Reached skill level 1 in Conjurations
   435 | D:3      | Reached skill level 1 in Hexes
   435 | D:3      | Reached skill level 1 in Charms
   435 | D:3      | Reached skill level 1 in Summonings
   435 | D:3      | Reached skill level 1 in Translocations
   435 | D:3      | Reached skill level 1 in Transmutations
   435 | D:3      | Reached skill level 1 in Fire Magic
   435 | D:3      | Reached skill level 1 in Ice Magic
   435 | D:3      | Reached skill level 1 in Air Magic
   435 | D:3      | Reached skill level 1 in Earth Magic
   435 | D:3      | Reached skill level 1 in Poison Magic
   435 | D:3      | Reached skill level 1 in Invocations
   435 | D:3      | Reached XP level 4. HP: 28/38 MP: 3/11
   760 | D:4      | Reached XP level 5. HP: 23/43 MP: 12/12
   818 | D:5      | Entered Level 5 of the Dungeon
   919 | D:5      | Reached XP level 6. HP: 30/50 MP: 11/13
  1004 | D:5      | Learned a level 3 spell: Ignite Poison
  1119 | D:5      | Reached skill level 5 in Fighting
  1218 | D:5      | Found Sanlil's General Store.
  1221 | D:5      | Bought a potion of curing for 39 gold pieces
  1221 | D:5      | Bought a scroll of teleportation for 39 gold pieces
  1243 | D:6      | Noticed a phantom
  1547 | D:7      | Reached XP level 7. HP: 42/56 MP: 15/15
  1590 | D:7      | Noticed a hippogriff
  1601 | D:7      | Killed a hippogriff
  1601 | D:7      | Reached skill level 5 in Stealth
  1777 | D:7      | Reached XP level 8. HP: 29/63 MP: 16/16
  2309 | D:8      | Noticed Gastronok
  2338 | D:8      | Noticed a hippogriff
  2348 | D:8      | Killed a hippogriff
  2391 | D:8      | Found Eblef's Magic Scroll Shop.
  2498 | D:8      | Noticed a hippogriff
  2510 | D:8      | Killed a hippogriff
  2510 | D:8      | Reached XP level 9. HP: 26/69 MP: 18/18
  2555 | D:8      | Noticed sergedm's ghost (novice DECj)
  2592 | D:8      | Bought a scroll of brand weapon for 320 gold pieces
  2635 | D:9      | Gained mutation: You are partially covered in large bone plates. (SH +4) [mutagenic meat]
  2844 | D:9      | Reached skill level 5 in Throwing
  2844 | D:9      | Reached skill level 5 in Dodging
  2844 | D:9      | Reached skill level 5 in Necromancy
  2844 | D:9      | Reached skill level 5 in Evocations
  2853 | D:9      | Noticed a two-headed ogre
  2865 | D:9      | Killed a two-headed ogre
  2925 | D:9      | Reached XP level 10. HP: 45/77 MP: 20/20
  2992 | D:9      | Reached skill level 5 in Short Blades
  2992 | D:9      | Reached skill level 5 in Long Blades
  2992 | D:9      | Reached skill level 5 in Axes
  2992 | D:9      | Reached skill level 5 in Maces & Flails
  2992 | D:9      | Reached skill level 5 in Polearms
  2992 | D:9      | Reached skill level 5 in Staves
  2992 | D:9      | Reached skill level 5 in Slings
  2992 | D:9      | Reached skill level 5 in Bows
  2992 | D:9      | Reached skill level 5 in Crossbows
  2992 | D:9      | Reached skill level 5 in Armour
  2992 | D:9      | Reached skill level 5 in Shields
  2992 | D:9      | Reached skill level 5 in Unarmed Combat
  2992 | D:9      | Reached skill level 5 in Conjurations
  2992 | D:9      | Reached skill level 5 in Hexes
  2992 | D:9      | Reached skill level 5 in Charms
  2992 | D:9      | Reached skill level 5 in Summonings
  2992 | D:9      | Reached skill level 5 in Translocations
  2992 | D:9      | Reached skill level 5 in Transmutations
  2992 | D:9      | Reached skill level 5 in Fire Magic
  2992 | D:9      | Reached skill level 5 in Ice Magic
  2992 | D:9      | Reached skill level 5 in Air Magic
  2992 | D:9      | Reached skill level 5 in Earth Magic
  2992 | D:9      | Reached skill level 5 in Poison Magic
  2992 | D:9      | Reached skill level 5 in Invocations
  3036 | D:9      | Noticed a two-headed ogre
  3044 | D:9      | Killed a two-headed ogre
  3073 | D:9      | Noticed a two-headed ogre
  3095 | D:9      | Killed a two-headed ogre
  3176 | D:10     | Entered Level 10 of the Dungeon
  3264 | D:10     | Noticed an unseen horror
  3460 | D:10     | Noticed a two-headed ogre
  3469 | D:10     | Killed a two-headed ogre
  3572 | D:11     | Found a basalt altar of Yredelemnul.
  3631 | D:12     | Reached XP level 11. HP: 84/84 MP: 22/22
  3636 | D:12     | Noticed a centaur warrior
  3647 | D:12     | Killed a centaur warrior
  4022 | D:13     | Got a wizard robe
  4036 | D:13     | Identified the +1 robe of Contentment {-Cast Int+2 Dex+9} (You found it on level 13 of the Dungeon)
  4054 | D:12     | Noticed a deep elf mage
  4070 | D:12     | Killed a deep elf mage
  4187 | D:13     | Noticed a two-headed ogre
  4189 | D:13     | Noticed a death drake
  4189 | D:13     | a two-headed ogre changed into a death drake
  4190 | D:13     | a death drake changed into a wind drake
  4506 | D:14     | Found a flagged portal.
  4526 | Bailey   | Entered a bailey
  4585 | Bailey   | Gained mutation: You are hated by all. [Ru sacrifice]
  4585 | Bailey   | Reached * piety under Ru
  4606 | Bailey   | Noticed an orc knight
  4620 | Bailey   | Killed an orc knight
  4648 | Bailey   | Got an encrusted leather armour
  4657 | Bailey   | Got a tattered robe
  4794 | D:14     | Found a labyrinth entrance.
  4802 | Lab      | Entered a labyrinth
  4857 | Lab      | Killed an unseen horror
  4989 | Lab      | Killed an unseen horror
  5165 | Lab      | Learned a level 3 spell: Tukima's Dance
  5186 | Lab      | Noticed a minotaur
  5202 | Lab      | Killed a minotaur
  5215 | Lab      | Identified Pouv's Tome of Dislocation and Ice
  5216 | Lab      | Found the +9 staff of Wucad Mu {channel}
  5228 | Lab      | Got a coiled marble ring
  5230 | Lab      | Identified the ring of the Shrike {MR+ Int+2} (You found it in a labyrinth)
  5252 | Lab      | Identified the cursed +1 robe "Vetuok" {rPois rC+ Stlth+} (You took it off a kobold in a bailey)
  5263 | Lab      | Identified the cursed +0 leather armour of Amorality {rF+ rCorr} (You took it off a goblin in a bailey)
  5302 | D:13     | Noticed Maurice
  5303 | D:13     | Noticed Maurice
  5303 | D:13     | Maurice changed into Maurice the hog
  5307 | D:13     | Killed Maurice the hog
  5349 | D:14     | Found a portal to a secret trove of treasure.
  5349 | D:14     | Noticed a cyclops
  5365 | D:14     | Killed a cyclops
  5402 | D:14     | Reached XP level 12. HP: 22/93 MP: 24/24
  5495 | D:14     | Noticed a centaur warrior
  5497 | D:14     | a centaur warrior changed into a merfolk
  5547 | D:15     | Entered Level 15 of the Dungeon
  5738 | D:15     | Noticed a centaur warrior
  5739 | D:15     | a centaur warrior changed into a deep troll
  5821 | D:15     | Noticed a two-headed ogre
  5854 | D:14     | Noticed a centaur warrior
  5894 | D:14     | Killed a centaur warrior
  6332 | D:11     | Identified a scroll of acquirement
  6334 | D:11     | Got an encrusted buckler
  6340 | D:11     | Identified the +2 buckler of Dithmenos's Reproof {rElec Str+2} (You acquired it on level 11 of the Dungeon)
  6578 | D:10     | Found a staircase to the Lair.
  6599 | Lair:1   | Entered Level 1 of the Lair of Beasts
  6641 | Lair:1   | Noticed a four-headed hydra
  7131 | Lair:3   | Noticed a four-headed hydra
  7139 | Lair:4   | Noticed Josephine
  7154 | Lair:4   | Mulzaro: oi
  7166 | Lair:4   | Killed Josephine
  7226 | Lair:4   | Reached XP level 13. HP: 69/101 MP: 26/26
  7277 | Lair:4   | Found a dark tunnel.
  7292 | Volcano  | Entered a volcano
  7487 | Volcano  | Noticed kal9871's ghost (journeyman SpVM)
  7547 | Volcano  | Killed kal9871's ghost
  7867 | Volcano  | 4thArraOfDagon: 9hiii
  8151 | Volcano  | Noticed a fire dragon
  8175 | Volcano  | Killed a fire dragon
  8305 | Lair:4   | Found a staircase to the Shoals.
  8336 | Lair:4   | Learned a level 5 spell: Lee's Rapid Deconstruction
  8339 | Lair:4   | Learned a level 2 spell: Passwall
  8373 | Lair:4   | Rhok: !hs * gnwa
  8378 | Lair:4   | beem: No keyword 'gnwa'
  8411 | Lair:4   | Rhok: oO
  8431 | Lair:4   | Identified the Guide on Enthralling Ignition
  8440 | Lair:4   | Learned a level 4 spell: Sticky Flame
  8684 | Lair:6   | Entered Level 6 of the Lair of Beasts
  8684 | Lair:6   | Noticed Nessos
  9527 | Lair:6   | Reached skill level 10 in Spellcasting
  9560 | Lair:6   | Noticed a dire elephant
  9560 | Lair:6   | Noticed a dire elephant
  9574 | Lair:6   | Noticed a dire elephant
  9575 | Lair:6   | Noticed a dire elephant
  9602 | Lair:6   | Found a staircase to the Slime Pits.
  9645 | Lair:6   | Reached XP level 14. HP: 107/109 MP: 20/28
  9954 | Lair:1   | Reached skill level 10 in Fighting
 10030 | Lair:2   | Found a hole to the Spider Nest.
 10475 | D:12     | Found a staircase to the Orcish Mines.
 10499 | D:12     | Found a bloodstained altar of Trog.
 10650 | Orc:1    | Entered Level 1 of the Orcish Mines
 10695 | Orc:1    | Noticed Erica
 10709 | Orc:1    | Killed Erica
 10709 | Orc:1    | Reached skill level 10 in Stealth
 10781 | Orc:1    | Paralysed by an orc sorcerer for 2 turns
 10933 | Orc:2    | Entered Level 2 of the Orcish Mines
 11075 | Orc:2    | Noticed tidbits's ghost (journeyman GnSk)
 11127 | Orc:2    | Noticed a stone giant
 11149 | Orc:2    | Killed a stone giant
 11313 | Orc:2    | Found a staircase to the Elven Halls.
 11372 | Orc:2    | Killed tidbits's ghost
 11495 | Orc:2    | Found a roughly hewn altar of Beogh.
 11958 | Orc:2    | Found Soihias's Book Emporium.
 11958 | Orc:2    | Found Bugrai's Antique Armour Emporium.
 11959 | Orc:2    | Found Vuph's General Store.
 11964 | Orc:2    | Found Zoampum's Food Shop.
 11990 | Orc:2    | Bought a distressingly furry cloak for 275 gold pieces
 11990 | Orc:2    | Bought a dazzling leather armour for 203 gold pieces
 11990 | Orc:2    | Bought a runed scarf for 232 gold pieces
 12010 | Orc:2    | Identified the +2 cloak of Fefuarha {rPois Regen+ rCorr Int-3} (You bought it in a shop on level 2 of the Orcish Mines)
 12020 | Orc:2    | Identified the +1 leather armour of Going Fast {*Corrode rPois Regen+ Dex+3} (You bought it in a shop on level 2 of the Orcish Mines)
 12062 | Elf:1    | Entered Level 1 of the Elven Halls
 12209 | Elf:1    | Reached XP level 15. HP: 117/117 MP: 15/29
 12259 | Elf:1    | Noticed a deep elf sorcerer
 12263 | Elf:1    | Reached skill level 10 in Throwing
 12263 | Elf:1    | Reached skill level 10 in Dodging
 12263 | Elf:1    | Reached skill level 10 in Necromancy
 12263 | Elf:1    | Reached skill level 10 in Evocations
 12273 | Elf:1    | Killed a deep elf sorcerer
 12291 | Elf:1    | Got a smoking hunting sling
 12378 | Elf:1    | Found Carghuc's Food Shoppe.
 12620 | Elf:3    | Entered Level 3 of the Elven Halls
 12675 | Elf:3    | p0werm0de: gl man! didnt see it was your hs :> too bad
 12695 | Elf:3    | Noticed Asterion
 12736 | Elf:3    | p0werm0de: beem showed ELD
 13217 | Elf:3    | Noticed a deep elf elementalist
 13226 | Elf:3    | Reached skill level 10 in Short Blades
 13226 | Elf:3    | Reached skill level 10 in Long Blades
 13226 | Elf:3    | Reached skill level 10 in Axes
 13226 | Elf:3    | Reached skill level 10 in Maces & Flails
 13226 | Elf:3    | Reached skill level 10 in Polearms
 13226 | Elf:3    | Reached skill level 10 in Staves
 13226 | Elf:3    | Reached skill level 10 in Slings
 13226 | Elf:3    | Reached skill level 10 in Bows
 13226 | Elf:3    | Reached skill level 10 in Crossbows
 13226 | Elf:3    | Reached skill level 10 in Armour
 13226 | Elf:3    | Reached skill level 10 in Shields
 13226 | Elf:3    | Reached skill level 10 in Unarmed Combat
 13226 | Elf:3    | Reached skill level 10 in Conjurations
 13226 | Elf:3    | Reached skill level 10 in Hexes
 13226 | Elf:3    | Reached skill level 10 in Charms
 13226 | Elf:3    | Reached skill level 10 in Summonings
 13226 | Elf:3    | Reached skill level 10 in Translocations
 13226 | Elf:3    | Reached skill level 10 in Transmutations
 13226 | Elf:3    | Reached skill level 10 in Fire Magic
 13226 | Elf:3    | Reached skill level 10 in Ice Magic
 13226 | Elf:3    | Reached skill level 10 in Air Magic
 13226 | Elf:3    | Reached skill level 10 in Earth Magic
 13226 | Elf:3    | Reached skill level 10 in Poison Magic
 13226 | Elf:3    | Reached skill level 10 in Invocations
 13229 | Elf:3    | Noticed a deep elf blademaster
 13233 | Elf:3    | Killed a deep elf elementalist
 13308 | Elf:3    | Noticed a deep elf blademaster
 13319 | Elf:3    | Noticed a deep elf elementalist
 13326 | Elf:3    | Killed a deep elf blademaster
 13337 | Elf:3    | Mangled by an earth elemental

Vault maps used:
D:1:      dpeg_arrival_boxes_within_box, minmay_misc_feat_rows
D:2:      old_standard_altar, first_bread
D:3:      nicolae_ru_awakened_eye
D:4:      minmay_temple_entry_enclosed_plants, minmay_close_crescents,
          uniq_pikel, uniq_ijyb
D:5:      serial_shops, shop, grunt_decor_arrowhead
D:6:      eino_tiny_chamber, serial_bayou_crossing
D:7:      minmay_misc_feat_columns
D:8:      basic_altar, serial_shops, nicolae_shop_crystal, uniq_gastronok
D:10:     grunt_lair_entry_orc_guard_hut, hangedman_pestilent_swarm,
          serial_bayou_lake_a
D:11:     yredelemnul_altar_generic
D:12:     orc_0_dummy, trog_wizard
D:13:     uniq_maurice
D:14:     lightli_vaults_fourway_checkpoint, nicolae_trove_entry_free_sample,
          lab_entry_generic, hangedman_decor_slide_cut, enter_bailey_7
D:15:     grunt_enter_depths_snipers, nicolae_wwwww, uniq_agnes
Lair:1:   basic_altar, infiniplex_staircase_pool
Lair:2:   spider_nest_entry_webs, grunt_megastairs_4
Lair:3:   serial_bayou_shore_b, serial_bayou_shore_b
Lair:4:   minmay_shoals_entry_beasts, enter_volcano_4,
          kennysheep_abandoned_house, uniq_josephine
Lair:5:   serial_forest, infiniplex_forest_end_2, infiniplex_forest_clump_cross,
          infiniplex_forest_clump_tiny, infiniplex_forest_clump_double,
          infiniplex_forest_clump_cross, infiniplex_forest_clump_small,
          infiniplex_forest_lined_room_3, infiniplex_forest_lined_3_way,
          nicolae_lair_grove_arrangements
Lair:6:   due_jungle_book, minmay_slime_entry_eyes, minivault_26,
          wad_woods_road_05, uniq_nessos
Orc:1:    uniq_erica
Orc:2:    st_orc_elflike, basic_altar
Elf:1:    serial_shops, nicolae_shop_competitors_out_of_business,
          nicolae_shop_statue_plus, evilmike_minifort,
          nicolae_elf_big_sculpture_2, fountainhead
Elf:3:    grunt_elf_hall_asides, hangedman_elven_ridges, due_unseen_surprise,
          uniq_asterion, uniq_bai_suzhen
Lab:      labyrinth_green, labyrinth_lava_lair, nicolae_lab_lava,
          nicolae_lab_starburst, nicolae_lab_flowing_pool, nicolae_lab_x,
          lab_block, nicolae_lab_blocks, nicolae_lab_plus, nicolae_lab_garden,
          labyrinth_fake_exit, nicolae_lab_quarters, lab_hedge, lab_fountain,
          nicolae_lab_grate, labyrinth_skeletal_remains, lab_statue
Bailey:   bailey_axe_1, bailey
Volcano:  pf_volcano_lost_world

Skill      XL: |  1  2  3  4  5  6  7  8  9 10 11 12 13 14 15 |
---------------+----------------------------------------------+-----
Spellcasting   | 5 6 7 8 9 10 11 | 11.1
Short Blades   | 1 2 3 4 5 6 7 8 9 10 | 10.0
Long Blades    | 1 2 3 4 5 6 7 8 9 10 | 10.0
Axes           | 1 2 3 4 5 6 7 8 9 10 | 10.0
Maces & Flails | 1 2 3 4 5 6 7 8 9 10 | 10.0
Polearms       | 1 2 3 4 5 6 7 8 9 10 | 10.0
Staves         | 1 2 3 4 5 6 7 8 9 10 | 10.0
Slings         | 1 2 3 4 5 6 7 8 9 10 | 10.0
Bows           | 1 2 3 4 5 6 7 8 9 10 | 10.0
Crossbows      | 1 2 3 4 5 6 7 8 9 10 | 10.0
Armour         | 1 2 3 4 5 6 7 8 9 10 | 10.0
Shields        | 1 2 3 4 5 6 7 8 9 10 | 10.0
Unarmed Combat | 1 2 3 4 5 6 7 8 9 10 | 10.0
Conjurations   | 1 2 3 4 5 6 7 8 9 10 | 10.0
Hexes          | 1 2 3 4 5 6 7 8 9 10 | 10.0
Charms         | 1 2 3 4 5 6 7 8 9 10 | 10.0
Summonings     | 1 2 3 4 5 6 7 8 9 10 | 10.0
Translocations | 1 2 3 4 5 6 7 8 9 10 | 10.0
Transmutations | 1 2 3 4 5 6 7 8 9 10 | 10.0
Fire Magic     | 1 2 3 4 5 6 7 8 9 10 | 10.0
Ice Magic      | 1 2 3 4 5 6 7 8 9 10 | 10.0
Air Magic      | 1 2 3 4 5 6 7 8 9 10 | 10.0
Earth Magic    | 1 2 3 4 5 6 7 8 9 10 | 10.0
Poison Magic   | 1 2 3 4 5 6 7 8 9 10 | 10.0
Invocations    | 1 2 3 4 5 6 7 8 9 10 | 10.0
Throwing       | 3 4 5 6 7 8 9 10 | 10.4
Dodging        | 3 4 5 6 7 8 9 10 | 10.4
Necromancy     | 3 4 5 6 7 8 9 10 | 10.4
Evocations     | 3 4 5 6 7 8 9 10 | 10.4
Fighting       | 5 6 7 8 9 10 11 | 11.0
Stealth        | 5 6 7 8 9 10 | 10.8

Action                   |  1- 3 |  4- 6 |  7- 9 | 10-12 | 13-15 || total
-------------------------+-------+-------+-------+-------+-------++-------
Melee: Spear             |    60 |    25 |       |       |       ||    85
       Bite              |     5 |    12 |    15 |    64 |    96 ||   192
       Trident           |       |    85 |       |       |       ||    85
       War axe           |       |    32 |    11 |       |       ||    43
       Battleaxe         |       |       |   114 |   132 |       ||   246
       Demon blade       |       |       |       |   437 |   759 ||  1196
       Punch             |       |       |       |     5 |       ||     5
Throw: Tomahawk          |       |       |       |    35 |       ||    35
       Throwing net      |       |       |       |     2 |       ||     2
 Cast: Sting             |    25 |    35 |       |     7 |    14 ||    81
       Tukima's Dance    |       |       |       |     2 |     4 ||     6
       Sticky Flame      |       |       |       |       |   114 ||   114
       Ignite Poison     |       |       |       |       |     1 ||     1
Invok: Reject Sacrifices |       |     1 |       |     1 |     1 ||     3
       Sacrifice Love    |       |       |       |     1 |       ||     1
Evoke: Wand              |       |     1 |    29 |    44 |     9 ||    83
       Lamp of fire      |       |       |       |       |     2 ||     2
  Use: Scroll            |       |     2 |    12 |    19 |    15 ||    48
       Potion            |       |       |       |     6 |     8 ||    14
 Stab: Sleeping          |     1 |     2 |     4 |     8 |     4 ||    19
       Paralysed         |       |     2 |    26 |    20 |       ||    48
       Distracted        |       |       |     1 |       |     2 ||     3
       Confused          |       |       |       |     1 |       ||     1
       Held in net/web   |       |       |       |     1 |       ||     1
       Invisible         |       |       |       |       |     4 ||     4
  Eat: Chunk             |       |     1 |     4 |     3 |     8 ||    16
       Royal jelly       |       |       |     2 |     6 |     1 ||     9
       Fruit             |       |       |       |     8 |     8 ||    16
       Meat ration       |       |       |       |     1 |     1 ||     2
Armor: Leather armour    |    12 |       |       |       |    46 ||    58
       Ring mail         |     3 |    44 |    40 |    83 |       ||   170
       Skin              |       |       |       |    27 |     2 ||    29
       Chain mail        |       |       |       |   103 |     1 ||   104
       Scale mail        |       |       |       |       |    67 ||    67
Dodge: Dodged            |    39 |   107 |    80 |   252 |   249 ||   727
Block: Other             |       |       |    11 |    73 |       ||    84
       Buckler           |       |       |       |    88 |   434 ||   522
       Reflection        |       |       |       |     1 |    12 ||    13
       Rpst.: Demon blade |       |       |       |    35 |    63 ||    98

Table legend:
 A = Spawn XP
 B = Non-spawn XP
 C = Spawn XP percentage of total XP
 D = Spawn monster count
 E = Non-spawn monster count
 F = Spawn count percentage of total count
 G = Total turns spent on level
                    A         B        C        D         E        F      G
               +---------+---------+-------+---------+---------+-------+---------
         Total |       0 |  114867 |   0.0 |       0 |     509 |   0.0 | 13337
               +---------+---------+-------+---------+---------+-------+---------
           D:1 |       0 |      16 |   0.0 |       0 |       8 |   0.0 |   156
           D:2 |       0 |      11 |   0.0 |       0 |       4 |   0.0 |   120
           D:3 |       0 |      85 |   0.0 |       0 |      19 |   0.0 |   332
           D:4 |       0 |      93 |   0.0 |       0 |       7 |   0.0 |   210
           D:5 |       0 |     324 |   0.0 |       0 |      12 |   0.0 |   450
           D:6 |       0 |     464 |   0.0 |       0 |      17 |   0.0 |   549
           D:7 |       0 |     619 |   0.0 |       0 |       8 |   0.0 |   460
           D:8 |       0 |    1015 |   0.0 |       0 |      16 |   0.0 |   346
           D:9 |       0 |    5913 |   0.0 |       0 |      44 |   0.0 |   715
          D:10 |       0 |    4072 |   0.0 |       0 |      29 |   0.0 |   584
          D:11 |       0 |    2817 |   0.0 |       0 |      17 |   0.0 |   490
          D:12 |       0 |    3903 |   0.0 |       0 |      21 |   0.0 |   713
          D:13 |       0 |    1078 |   0.0 |       0 |       5 |   0.0 |   501
          D:14 |       0 |    4199 |   0.0 |       0 |      24 |   0.0 |   496
          D:15 |       0 |     658 |   0.0 |       0 |       3 |   0.0 |   303
        Lair:1 |       0 |    2611 |   0.0 |       0 |      11 |   0.0 |   236
        Lair:2 |       0 |    3762 |   0.0 |       0 |      14 |   0.0 |   437
        Lair:3 |       0 |    2291 |   0.0 |       0 |      12 |   0.0 |   247
        Lair:4 |       0 |    5730 |   0.0 |       0 |      25 |   0.0 |   496
        Lair:5 |       0 |    7863 |   0.0 |       0 |      21 |   0.0 |   599
        Lair:6 |       0 |    4760 |   0.0 |       0 |      13 |   0.0 |   587
         Orc:1 |       0 |    4204 |   0.0 |       0 |      16 |   0.0 |   285
         Orc:2 |       0 |   12519 |   0.0 |       0 |      49 |   0.0 |  1127
         Elf:1 |       0 |   12983 |   0.0 |       0 |      20 |   0.0 |   391
         Elf:2 |       0 |    2414 |   0.0 |       0 |       6 |   0.0 |   207
         Elf:3 |       0 |   18343 |   0.0 |       0 |      24 |   0.0 |   677
           Lab |       0 |    2646 |   0.0 |       0 |       5 |   0.0 |   473
        Bailey |       0 |    1077 |   0.0 |       0 |      32 |   0.0 |   186
       Volcano |       0 |    8397 |   0.0 |       0 |      27 |   0.0 |   964
               +---------+---------+-------+---------+---------+-------+---------
